 Dungeon Crawl Stone Soup version 0.23-b1-59-g586d0d887c (webtiles) character file.

Game seed: 8552057069812712153

65 1994 the Insei (level 3, 0/42 HPs)
             Began as a Demigod Transmuter on Feb 5, 2019.
             Slain by Grinder (5 damage)
             ... on level 3 of the Dungeon.
             The game lasted 00:08:20 (3218 turns).

1994 the Insei (Demigod Transmuter)                 Turns: 3218, Time: 00:08:21

Health: 0/42       AC:  3    Str: 18    XL:     3   Next: 67%
Magic:  1/8        EV: 12    Int: 19    God:
Gold:   119        SH:  0    Dex: 16    Spells: 0/6 levels left

rFire    + . .     SeeInvis .     - Unarmed
rCold    + . .     Gourm    .   (no shield)
rNeg     . . .     Faith    .   f - +0 leather armour
rPois    +         Spirit   .   (no helmet)
rElec    +         Reflect  .   (no cloak)
rCorr    +         Harm     .   (no gloves)
MR       .....                  (boots currently unavailable)
Stlth    ..........             m - amulet of rage
HPRegen  0.14/turn              (no ring)
MPRegen  0.11/turn              (no ring)

@: berserking (expiring), appendage, resistant, flying, very slightly
contaminated, very quick
A: talons 3, high mp 1
a: End Transformation, Evoke Berserk Rage


You were on level 3 of the Dungeon.
You were near starving.
You had grown temporary talons.
You visited 1 branch of the dungeon, and saw 3 of its levels.

You collected 119 gold pieces.

Inventory:

Missiles
 a - 39 arrows
 h - 3 javelins (quivered)
 k - 7 exploding tomahawks
Armour
 b - a +0 robe
 f - a +0 leather armour (worn)
 i - a +0 ring mail
Jewellery
 g - an uncursed amulet of magic regeneration
 m - an amulet of rage (around neck)
Scrolls
 e - a scroll of enchant weapon
 j - a scroll of fear
Comestibles
 d - 9 rations


   Skills:
 * Level 1.4 Fighting
 * Level 2.3 Dodging
 + Level 0.6 Stealth
 * Level 3.0 Unarmed Combat
 * Level 2.1 Spellcasting
 * Level 2.4 Transmutations


You couldn't memorise any spells.
You knew the following spells:

 Your Spells              Type           Power        Failure   Level  Hunger
a - Beastly Appendage     Tmut           ##....       8%          1    #......
b - Sticks to Snakes      Tmut           ##......     11%         2    ##.....
c - Spider Form           Tmut/Pois      #.........   34%         3    ###....

Your spell library contained the following spells:

 Spells                   Type           Power        Failure   Level  Hunger
 Ice Form                 Ice/Tmut       #.......     75%         4    #####..
 Blade Hands              Tmut           ##........   90%         5    ######.


Dungeon Overview and Level Annotations

Branches:
Dungeon (3/15)

Annotations:
D:2 2 transporters
D:3 Grinder


Innate Abilities, Weirdness & Mutations

You have an increased reservoir of magic. (+10% MP)
You have claws for feet.


Message History

Unknown command.
Unknown command.
Unknown command.
Unknown command.
A red film seems to cover your vision as you go berserk!
You feel yourself moving faster!
You feel mighty!
You are near starving!
Your adder withers and dies!
Grinder gestures at you.
You suddenly lose the ability to move!
You can move again.
Unknown command.
You feel a strong urge to attack something.
Unknown command.
You hit Grinder but do no damage.
Grinder is severely wounded.
Grinder hits you.
* * * LOW HITPOINT WARNING * * *
You writhe in agony.
You die...

###..#.###.# #.# #..#.#
#.# #.# ####..#.###.#
#####.# ............#
#....># ######...####
#.##### ##.....## #.#####
# ##.......## #......
....####....)....###....##
.......'.@5......'........
#...####.........###..(..#
# ##......)## #.#.#.#
##.....#####......
##...#.....####.#
##+##.###.# #.# #.##.# #>#
#.# #####.##.###.# #.#
..........##.# #.#


You could see Grinder.

Vanquished Creatures
  2 worms
  3 dart slugs (D:1)
  A leopard gecko (D:2)
  A ball python (D:3)
  6 bats
  3 giant cockroaches
  4 hobgoblins
  6 jackals
  10 kobolds
  A frilled lizard (D:1)
  7 goblins
  4 rats
48 creatures vanquished.

Notes
Turn   | Place    | Note
-------+----------+-------------------------------------------
     0 | D:1      | 1994 the Demigod Transmuter began the quest for the Orb.
     0 | D:1      | Reached XP level 1. HP: 15/15 MP: 5/5
    74 | D:1      | Reached skill level 1 in Fighting
   766 | D:1      | Reached XP level 2. HP: 23/23 MP: 5/7
   876 | D:1      | Learned a level 2 spell: Sticks to Snakes
  1605 | D:2      | Reached XP level 3. HP: 25/28 MP: 8/8
  1859 | D:2      | Found a transporter.
  1863 | D:2      | Found a transporter.
  1869 | D:2      | Noticed a bullfrog
  1871 | D:2      | Found a hide-covered altar of Uskayaw.
  2477 | D:2      | Reached skill level 3 in Unarmed Combat
  2688 | D:3      | Learned a level 3 spell: Spider Form
  3183 | D:3      | Noticed Grinder
  3215 | D:3      | Paralysed by Grinder for 2 turns
  3218 | D:3      | Slain by Grinder

Skill      XL: |  1  2  3 |
---------------+----------+-----
Fighting       | 1 |  1.4
Transmutations | 2 |  2.4
Dodging        | 2 |  2.3
Spellcasting   | 2 |  2.1
Unarmed Combat | 3 |  3.0
Stealth        | |  0.6

Action                   || total
-------------------------++-------
Melee: Unarmed           ||   188
       Kick              ||    17
       Headbutt          ||     9
       Punch             ||     2
 Cast: Beastly Appendage ||    26
       Sticks to Snakes  ||     3
 Abil: Evoke Berserk Rag ||     1
  Use: Scroll            ||     3
       Potion            ||     2
 Stab: Sleeping          ||     6
  Eat: Chunk             ||     7
Armor: Robe              ||     9
       Leather armour    ||    26
Dodge: Dodged            ||   104
